 Dungeon Crawl Stone Soup version 0.20.1-1-g8b1a95d (webtiles) character file.

251 Peloso the Shield-Bearer (level 5, -13/49 HPs)
             Began as a Deep Dwarf Fighter on Aug 3, 2017.
             Mangled by an orc wizard
             ... wielding a +2 dagger of electrocution
              (19 damage)
             ... on level 4 of the Dungeon.
             The game lasted 00:06:36 (2349 turns).

Peloso the Shield-Bearer (Deep Dwarf Fighter)       Turns: 2349, Time: 00:06:36

Health: -13/49     AC: 14    Str: 20    XL:     5   Next: 88%
Magic:  4/4        EV:  4    Int: 12    God:
Gold:   114        SH:  9    Dex: 12    Spells: 4/4 levels left

rFire    . . .     SeeInvis .   a - +1 long sword
rCold    . . .     Gourm    .   c - +0 shield
rNeg     . . .     Faith    .   l - +1 plate armour
rPois    .         Spirit   .   j - +0 helmet {Int+3}
rElec    .         Reflect  .   (no cloak)
rCorr    .         Harm     .   (no gloves)
MR       .....                  (no boots)
Stlth    ..........             (no amulet)
Regen    0.0/turn               (no ring)
MPRegen  0.1/turn               (no ring)

@: non-regenerating
A: damage resistance, heal wounds, sense surroundings 1, no regeneration
a: Heal Wounds


You were on level 4 of the Dungeon.
You were not hungry.

You visited 1 branch of the dungeon, and saw 4 of its levels.

You collected 114 gold pieces.

Inventory:

Hand Weapons
 a - a +1 long sword (weapon)
Armour
 b - a +0 scale mail
 c - a +0 shield (worn)
 j - a +0 helmet of intelligence (worn)
 l - a +1 plate armour (worn)
Scrolls
 m - a scroll of remove curse
 o - a scroll of enchant armour
Potions
 d - a potion of might
 e - 2 potions of curing
 g - a potion of magic {unknown}
 k - a potion of cancellation {unknown}
Comestibles
 f - a bread ration
 h - a royal jelly
 p - a fruit


   Skills:
 + Level 3.5 Fighting
 + Level 3.9 Long Blades
   Level 0.2 Maces & Flails
 + Level 4.3 Armour
 + Level 0.7 Dodging
 + Level 0.3 Stealth
 + Level 4.5 Shields


You had 4 spell levels left.
You didn't know any spells.

Dungeon Overview and Level Annotations

Branches:
Dungeon (4/15)
 Temple: D:4-7

Altars:


Innate Abilities, Weirdness & Mutations

You are resistant to damage.
You can heal yourself by infusing magical energy.
You passively map a small area around you.
You do not regenerate.


Message History

You kill the orc!
You hit the orc wizard but do no damage.
You block the orc wizard's attack.
You hit the orc wizard.
The orc wizard is moderately wounded.
You block the orc wizard's attack.
The orc wizard hits you but does no damage.
You closely miss the orc wizard.
The orc wizard is moderately wounded.
The orc wizard hits you but does no damage.
You are electrocuted!
* * * LOW HITPOINT WARNING * * *
You hit the orc wizard.
The orc wizard is heavily wounded.
The orc wizard hits you but does no damage.
You miss the orc wizard.
The orc wizard is heavily wounded.
The orc wizard hits you but does no damage.
You are electrocuted!
You die...

.##...## ###.### .###.##
#.# .# ### #.# * '## #.#
..## ##.## ...## ###...#
## * ....## ##.#.#.# *,o.
.....####......####.#.#..
,
.....'..........@ooS.....
.....####[..#.#####.#....
* ...<## ##.##.# # . ,
...##########.## , *
........####...#
..#####........# * ..#
#..###...# ..### #..#
##### ....# #..# * *


You could see an orc wizard, an adder and an orc.

Vanquished Creatures
  An orc priest (D:3)
  Natasha (D:3)
  2 orc wizards (D:3)
  4 adders
  A gnoll (D:1)
  2 oozes (D:1)
  4 worms
  A leopard gecko (D:3)
  9 orcs
  3 giant cockroaches (D:1)
  6 goblins
  9 hobgoblins
  4 jackals (D:1)
  7 kobolds
  3 ball pythons
  5 bats
  3 frilled lizards
  6 rats
71 creatures vanquished.

Notes
Turn   | Place    | Note
-------+----------+-------------------------------------------
     0 | D:1      | Peloso the Deep Dwarf Fighter began the quest for the Orb.
     0 | D:1      | Reached XP level 1. HP: 20/20 MP: 1/1
     6 | D:1      | Reached XP level 2. HP: 28/28 MP: 2/2
   230 | D:1      | Reached XP level 3. HP: 32/34 MP: 3/3
   998 | D:2      | Reached XP level 4. HP: 18/42 MP: 4/4
  1535 | D:3      | Reached XP level 5. HP: 7/49 MP: 5/5
  1561 | D:3      | Noticed Natasha
  1573 | D:3      | Killed Natasha
  2349 | D:4      | Mangled by an orc wizard

Skill      XL: |  1  2  3  4 |
---------------+-------------+-----
Fighting       | 3 |  3.5
Shields        | 4 |  4.5
Long Blades    | 3 |  3.9
Armour         | 4 |  4.3
Maces & Flails | |  0.2
Dodging        | |  0.7
Stealth        | |  0.3

Action                   |  1- 3 |  4- 6 || total
-------------------------+-------+-------++-------
Melee: Long sword        |   106 |   147 ||   253
       Flail             |       |    55 ||    55
 Abil: Heal Wounds       |       |     3 ||     3
  Use: Scroll            |       |     8 ||     8
       Potion            |       |     1 ||     1
  Eat: Chunk             |       |     5 ||     5
Armor: Scale mail        |    44 |       ||    44
       Plate armour      |    13 |   111 ||   124
Dodge: Dodged            |    23 |    29 ||    52
Block: Shield            |    62 |    92 ||   154
       Rpst.: Long sword |     5 |     8 ||    13
